[Event "AUT Bundesliga Women 2021-22"]
[Site "Austria"]
[Date "2022.03.27"]
[Round "7.10"]
[White "Mihelic, Vesna"]
[Black "Mayrhuber, Nikola"]
[Result "1/2-1/2"]
[ECO "B53"]
[WhiteElo "1875"]
[BlackElo "2118"]
[Annotator "NA"]
[PlyCount "118"]
[EventDate "2021.11.06"]
[EventType "team-tourn"]
[EventCountry "AUT"]
[SourceTitle "playchess.com"]
[Source "ChessBase"]
[SourceQuality "1"]
[TimeControl "40/5400+30:1800+30"]

1. e4 c5 2. Nf3 d6 3. d4 cxd4 4. Qxd4 Nf6 5. e5 Nc6 6. Bb5 Qa5+ 7. Nc3 Qxb5 8. Nxb5 Nxd4 9. Nbxd4 dxe5 10. Nxe5 Nd5 11. c4 Nc7 12. f4 f6 13. Nef3 h6 14. O-O g5 15. Re1 Kf7 16. f5 e5 17. fxe6+ Nxe6 18. Be3 Bb4 19. Red1 Re8 (19... Nxd4 $15 20. Nxd4 Rd8) 20. a3 Bc5 21. b4 Nxd4 22. Bxd4 Bxd4+ 23. Nxd4 $11 Bd7 24. Rd3 Rad8 25. Rad1 Ba4 26. R1d2 Kg6 27. Kf2 Re4 28. c5 Rf4+ 29. Ke2 Re8+ 30. Re3 Rd8 31. Red3 Bd7 32. Ne6 Re8 33. Rxd7 Rxe6+ 34. Kd1 Rf1+ 35. Kc2 b6 36. Rxa7 bxc5 37. bxc5 Rc6 38. Ra5 Rf5 39. Kb3 Rfxc5 40. Rxc5 Rxc5 41. a4 f5 42. Kb4 Rc1 43. Ra2 Rb1+ 44. Kc5 Rc1+ 45. Kb4 Rb1+ 46. Ka3 f4 47. a5 g4 48. a6 Rb8 49. Ka4 Kf5 50. Ra3 Ke4 51. h3 f3 52. hxg4 fxg2 53. Rg3 Rb2 54. a7 Ra2+ 55. Ra3 Rxa3+ 56. Kxa3 g1=Q 57. a8=Q+ Kf4 58. Qf8+ Kg3 59. Qd6+ Kg2 1/2-1/2

[Event "AUT Bundesliga Women 2021-22"]
[Site "Austria"]
[Date "2022.03.27"]
[Round "7.11"]
[White "Konecny, Sophie"]
[Black "Goeschl, Ortrun"]
[Result "0-1"]
[ECO "A40"]
[WhiteElo "1835"]
[BlackElo "1898"]
[Annotator "NA"]
[PlyCount "71"]
[EventDate "2021.11.06"]
[EventType "team-tourn"]
[EventCountry "AUT"]
[SourceTitle "playchess.com"]
[Source "ChessBase"]
[SourceQuality "1"]
[TimeControl "40/5400+30:1800+30"]

1. d4 e5 2. dxe5 Nc6 3. Nf3 Qe7 4. e3 Nxe5 5. Be2 Nf6 6. Nc3 c6 7. b3 d5 8. h3 Bf5 9. Nd4 Bg6 10. Bb2 h5 11. Qd2 O-O-O 12. O-O-O $11 Qc7 13. f3 Qa5 14. Na4 Qc7 15. Qc3 Ned7 16. b4 Nb6 17. Nxb6+ Qxb6 18. a3 Bd6 19. Nb3 Rhe8 20. Qd4 Rxe3 21. Qd2 Bf4 22. Bd4 Rxe2 23. Bxb6 Rxd2 24. Nxd2 axb6 25. Rhe1 d4 26. Kb2 Nd5 27. Nb3 c5 28. bxc5 bxc5 29. Nxc5 Ne3 30. Nb3 Nd5 31. Nc5 Ne3 32. Rb1 Nxg2 33. Red1 Ne3 34. Rg1 Bd6 35. Nd3 Nc4+ 36. Ka2 0-1

[Event "AUT Bundesliga Women 2021-22"]
[Site "Austria"]
[Date "2022.03.27"]
[Round "7.12"]
[White "Zoehrer, Sarah"]
[Black "Wu, Min"]
[Result "0-1"]
[ECO "A46"]
[WhiteElo "1650"]
[BlackElo "1952"]
[Annotator "ChessBase"]
[PlyCount "62"]
[EventDate "2021.11.06"]
[EventType "team-tourn"]
[EventCountry "AUT"]
[SourceTitle "playchess.com"]
[Source "ChessBase"]
[SourceQuality "1"]
[TimeControl "40/5400+30:1800+30"]

1. d4 Nf6 2. Nf3 e6 3. Bg5 h6 4. Bh4 d5 5. e3 Be7 6. Nbd2 O-O 7. Ne5 Nbd7 8. Bg3 Nxe5 9. Bxe5 c5 10. c3 b6 11. Bd3 a5 12. Qe2 Bb7 13. O-O Bd6 14. f4 Ne4 15. Bxd6 Qxd6 16. Nxe4 dxe4 17. Bc4 cxd4 18. cxd4 Rfc8 19. Rfc1 Bd5 20. b3 a4 21. Bxd5 Qxd5 22. Rxc8+ Rxc8 23. bxa4 Qa5 24. Rb1 Qxa4 25. Rxb6 Rc2 26. Qb5 Rc1+ 27. Kf2 Qc2+ 28. Kg3 Rg1 29. Qb2 Rxg2+ 30. Kh3 Rxh2+ 31. Kg3 Qxb2 0-1

[Event "AUT Bundesliga Women 2021-22"]
[Site "Austria"]
[Date "2022.03.27"]
[Round "7.13"]
[White "Heinemann, Josefine"]
[Black "Motycakova, Monika"]
[Result "1-0"]
[ECO "C99"]
[WhiteElo "2290"]
[BlackElo "2102"]
[Annotator "ChessBase"]
[PlyCount "128"]
[EventDate "2021.11.06"]
[EventType "team-tourn"]
[EventCountry "AUT"]
[SourceTitle "playchess.com"]
[Source "ChessBase"]
[SourceQuality "1"]
[TimeControl "40/5400+30:1800+30"]

1. e4 e5 2. Nf3 Nc6 3. Bb5 a6 4. Ba4 Nf6 5. O-O Be7 6. Re1 b5 7. Bb3 d6 8. c3 O-O 9. h3 Na5 10. Bc2 c5 11. d4 Qc7 12. Nbd2 cxd4 13. cxd4 Nc6 14. Nb3 a5 15. Be3 a4 16. Nbd2 Bd7 17. Rc1 Qb7 18. Qe2 Rfe8 19. Bd3 Rab8 20. dxe5 Nxe5 21. Nxe5 dxe5 22. Bc5 Bc6 23. Nf3 Nd7 24. Bxe7 Rxe7 25. Rc3 Re6 26. Rec1 b4 27. R3c2 Rd6 28. Rd2 h6 29. Qe3 Qb6 30. Qxb6 Nxb6 31. Bf1 Re6 32. Nxe5 Bxe4 33. Nd7 Nxd7 34. Rxd7 Rb7 35. Rc8+ Kh7 36. Rd4 Bb1 37. Bc4 Re1+ 38. Kh2 b3 39. axb3 axb3 40. Rf8 Bc2 41. Bxf7 g5 42. Bd5 Rb6 43. Bf3 Kg7 44. Rdd8 Rb1 45. Bd5 h5 46. Rh8 Rg6 47. Rdg8+ Kf6 48. Re8 g4 49. h4 Kg7 50. Rhf8 Kh6 51. Re7 Rd6 52. Be6 Rxb2 53. Rh8+ Kg6 54. Bf7+ Kf6 55. Rb7 Ke5 56. Rxh5+ Kd4 57. Rhb5 Kc3 58. Rc5+ Kd2 59. Rd5+ Rxd5 60. Bxd5 Bd1 61. h5 Ke1 62. Kg3 Rd2 63. Re7+ Kf1 64. Bc4+ Be2 1-0

[Event "AUT Bundesliga Women 2021-22"]
[Site "Austria"]
[Date "2022.03.27"]
[Round "7.14"]
[White "Kurapova, Olga"]
[Black "Imnadze, Nato"]
[Result "0-1"]
[ECO "B51"]
[WhiteElo "1893"]
[BlackElo "2238"]
[Annotator "NA"]
[PlyCount "173"]
[EventDate "2021.11.06"]
[EventType "team-tourn"]
[EventCountry "AUT"]
[SourceTitle "playchess.com"]
[Source "ChessBase"]
[SourceQuality "1"]
[TimeControl "40/5400+30:1800+30"]

1. e4 c5 2. Nf3 d6 3. Bb5+ Nc6 4. O-O Bd7 5. Re1 Nf6 6. c4 g6 7. Nc3 Bg7 8. d3 O-O 9. h3 a6 10. Ba4 Ne8 (10... Nd4 $11) 11. Bf4 Nc7 12. Bxc6 Bxc6 13. Qd2 b5 14. Bh6 f5 (14... e5 $11) 15. Bxg7 Kxg7 16. Nd5 (16. d4 $1 $14) 16... e5 17. Ng5 Bxd5 18. exd5 h6 19. Nf3 b4 20. Qe2 Qf6 21. Nd2 $11 Kh7 22. f4 Rae8 23. Qf2 Rf7 24. b3 Rfe7 25. a3 bxa3 26. fxe5 Rxe5 27. Rxe5 Qxe5 28. d4 Qf6 29. Rxa3 cxd4 30. b4 Rb8 31. Rb3 Na8 32. Nf3 Nb6 33. Qe2 Rc8 34. c5 dxc5 35. bxc5 Nxd5 36. Qc4 Qc6 37. Qxd4 Kg8 38. Ra3 Qxc5 39. Qxc5 Rxc5 40. Rxa6 Ne7 41. h4 Rc6 42. Ra7 Re6 43. Kf2 Nd5 44. g3 Ne3 45. Ra2 Ng4+ 46. Kg2 Rd6 47. Nh2 Nf6 48. Nf3 Ne4 49. Ra4 Rb6 50. Ra2 Kg7 51. Ne5 Rb3 52. Nf3 g5 53. Ra7+ Kg6 54. hxg5 Rb2+ 55. Kg1 hxg5 56. Ra3 g4 57. Nd4 Ng5 58. Ra6+ Kf7 59. Nxf5 Nh3+ 60. Kf1 Rf2+ 61. Ke1 Rxf5 62. Ra4 Nf2 63. Ke2 Rf6 64. Rb4 Kg6 65. Ra4 Kg5 66. Ra5+ Kh6 67. Ra4 Rf5 68. Rc4 Kg6 69. Ra4 Kf7 70. Rb4 Ke7 71. Ra4 Kd7 72. Ke3 Kc6 73. Ke2 Kb6 74. Rb4+ Ka6 75. Rc4 Kb5 76. Rd4 Rf8 77. Rd5+ Kc4 78. Ra5 Ne4 79. Ke3 Nc5 80. Ra7 Rf3+ 81. Ke2 Ne4 82. Ra4+ Kd5 83. Ra5+ Ke6 84. Ra6+ Kf5 85. Ra5+ Kg6 86. Ra6+ Rf6 87. Rxf6+ 0-1

[Event "AUT Bundesliga Women 2021-22"]
[Site "Austria"]
[Date "2022.03.27"]
[Round "7.15"]
[White "Hrescak, Ivana"]
[Black "Wielander, Magdalena"]
[Result "1-0"]
[ECO "E47"]
[WhiteElo "2161"]
[BlackElo "1178"]
[Annotator "NA"]
[PlyCount "79"]
[EventDate "2021.11.06"]
[EventType "team-tourn"]
[EventCountry "AUT"]
[SourceTitle "playchess.com"]
[Source "ChessBase"]
[SourceQuality "1"]
[TimeControl "40/5400+30:1800+30"]

1. d4 Nf6 2. c4 e6 3. Nc3 Bb4 4. e3 O-O 5. Bd3 Re8 6. a3 Bf8 7. d5 a5 8. Nge2 Na6 9. O-O Nc5 10. Bc2 b6 11. b3 Bb7 12. Bb2 c6 13. dxc6 Bxc6 14. b4 (14. Nf4 $14) 14... Nce4 15. Nxe4 Nxe4 16. f3 Nf6 17. b5 Bb7 18. Qd3 g6 19. e4 Bc5+ 20. Kh1 d5 21. cxd5 $14 exd5 22. e5 Nd7 23. f4 Qh4 24. Nd4 Nf8 25. Nc6 Rac8 26. Bb3 Ne6 27. Bxd5 Nxf4 28. Qc4 Ne6 29. Qd3 Nf4 30. Qc4 Bf2 31. Bxf7+ Kf8 32. Bxe8 Rxe8 33. Bc1 g5 34. Bxf4 gxf4 35. Rxf2 Qxf2 36. Rf1 Qb2 37. Rxf4+ Kg7 38. Qf7+ Kh6 39. Qf6+ Kh5 40. Rh4# 1-0

[Event "AUT Bundesliga Women 2021-22"]
[Site "Austria"]
[Date "2022.03.27"]
[Round "7.16"]
[White "Wolf, Elena"]
[Black "Trippold, Denise"]
[Result "0-1"]
[ECO "B48"]
[WhiteElo "1147"]
[BlackElo "2068"]
[Annotator "ChessBase"]
[PlyCount "48"]
[EventDate "2021.11.06"]
[EventType "team-tourn"]
[EventCountry "AUT"]
[SourceTitle "playchess.com"]
[Source "ChessBase"]
[SourceQuality "1"]
[TimeControl "40/5400+30:1800+30"]

1. e4 c5 2. Nf3 e6 3. d4 cxd4 4. Nxd4 Nc6 5. Nc3 Qc7 6. Be3 a6 7. Bd3 Nf6 8. h3 Be7 9. Qd2 d6 10. O-O-O b5 11. Nce2 Ne5 12. c3 Bb7 13. f3 O-O 14. Bc2 Nc4 15. Qd3 Nd7 16. Ng3 Nde5 17. Qe2 Rfc8 18. Bb3 b4 19. Bxc4 Nxc4 20. Qd3 Qa5 21. Nge2 Qxa2 22. Qb1 Qxb1+ 23. Kxb1 Nxe3 24. Rc1 Nxg2 0-1

[Event "AUT Bundesliga Women 2021-22"]
[Site "Austria"]
[Date "2022.03.27"]
[Round "7.17"]
[White "Brunello, Marina"]
[Black "Ragger, Anna-Christina"]
[Result "1-0"]
[ECO "C55"]
[WhiteElo "2349"]
[BlackElo "2156"]
[Annotator "ChessBase"]
[PlyCount "109"]
[EventDate "2021.11.06"]
[EventType "team-tourn"]
[EventCountry "AUT"]
[SourceTitle "playchess.com"]
[Source "ChessBase"]
[SourceQuality "1"]
[TimeControl "40/5400+30:1800+30"]

1. e4 e5 2. Nf3 Nc6 3. Bc4 Nf6 4. d3 Be7 5. O-O O-O 6. Re1 d6 7. a4 Na5 8. Ba2 c5 9. c3 Be6 10. Na3 a6 11. Bd2 Nc6 12. Nc4 b5 13. Ne3 Bxa2 14. Rxa2 Re8 15. axb5 axb5 16. Qb3 Na5 17. Qxb5 Qc7 18. Rea1 Reb8 19. Qa4 Nb3 20. Qxa8 Nxa1 21. Nd5 Nxd5 22. Qxd5 Nb3 23. h3 Nxd2 24. Nxd2 g6 25. Nc4 Qb7 26. Qxb7 Rxb7 27. Ra6 Kg7 28. Rb6 Ra7 29. Nxd6 Ra1+ 30. Kh2 Rd1 31. g3 Rxd3 32. Nc4 f6 33. Rb7 Kf7 34. Kg2 h5 35. Ne3 Ke6 36. Nd5 Bd6 37. Rg7 g5 38. Rg6 Be7 39. Rg8 Bd6 40. Re8+ Kf7 41. Rd8 Ke6 42. Ne3 Ke7 43. Rh8 Kf7 44. Rxh5 Bf8 45. Rh7+ Ke6 46. Rb7 Rd2 47. Rb6+ Kf7 48. Nd5 Bg7 49. Rb7+ Kf8 50. Kf3 f5 51. Ke3 Rd1 52. Ke2 Rh1 53. exf5 Rxh3 54. f6 Bh6 55. Ne3 1-0

[Event "AUT Bundesliga Women 2021-22"]
[Site "Austria"]
[Date "2022.03.27"]
[Round "7.18"]
[White "Berke, Ana"]
[Black "Klek, Hanna Marie"]
[Result "0-1"]
[ECO "C77"]
[WhiteElo "2140"]
[BlackElo "2314"]
[Annotator "ChessBase"]
[PlyCount "90"]
[EventDate "2021.11.06"]
[EventType "team-tourn"]
[EventCountry "AUT"]
[SourceTitle "playchess.com"]
[Source "ChessBase"]
[SourceQuality "1"]
[TimeControl "40/5400+30:1800+30"]

1. e4 e5 2. Nf3 Nc6 3. Bb5 a6 4. Ba4 Nf6 5. d3 d6 6. c3 g6 7. O-O Bg7 8. h3 O-O 9. Bc2 Re8 10. c4 Nd7 11. Nc3 Nc5 12. a3 a5 13. Rb1 Ne6 14. Ne2 Bd7 15. Ba4 Rf8 16. Nh2 f5 17. exf5 Rxf5 18. Ng4 Qh4 19. Be3 Ned4 20. Ng3 Rg5 21. Qd2 Bxg4 22. hxg4 Rxg4 23. Bd1 Rf4 24. Ne4 Rxe4 25. dxe4 Qxe4 26. Ba4 Qg4 27. f3 Qf5 28. Rfc1 h5 29. Bxc6 Nxc6 30. Qd5+ Kh7 31. f4 e4 32. Qd2 Rf8 33. Rd1 b6 34. Qf2 Qe6 35. Qe2 Bh6 36. g3 Ne7 37. b4 Nf5 38. Kg2 Qxc4 39. Qd2 axb4 40. axb4 Bg7 41. Rbc1 Qb3 42. Re1 Ra8 43. Rb1 Qe6 44. Re2 d5 45. g4 Nh4+ 0-1

[Event "AUT Bundesliga Women 2021-22"]
[Site "Austria"]
[Date "2022.03.27"]
[Round "7.19"]
[White "Wunderl, Eva"]
[Black "Krassnitzer, Julia"]
[Result "1-0"]
[ECO "B01"]
[WhiteElo "1898"]
[BlackElo "1793"]
[Annotator "NA"]
[PlyCount "37"]
[EventDate "2021.11.06"]
[EventType "team-tourn"]
[EventCountry "AUT"]
[SourceTitle "playchess.com"]
[Source "ChessBase"]
[SourceQuality "1"]
[TimeControl "40/5400+30:1800+30"]

1. e4 d5 2. exd5 Nf6 3. Nf3 Nxd5 4. d4 Bg4 5. Be2 e6 6. O-O Be7 7. c4 Nb6 8. Be3 N8d7 9. b3 c5 10. Nc3 cxd4 (10... O-O $14) 11. Bxd4 Bf6 (11... O-O $14) 12. Ne4 Bxd4 13. Nd6+ $18 ({Don't do} 13. Nxd4 $6 Bxe2 14. Qxe2 O-O $16) ({Resist} 13. Qxd4 $6 O-O $16) 13... Ke7 14. Qxd4 Nf6 15. Rad1 Qc7 16. Nb5 Qd7 17. Qc5+ Ke8 18. Rxd7 Nfxd7 19. Qd4 1-0

[Event "AUT Bundesliga Women 2021-22"]
[Site "Austria"]
[Date "2022.03.27"]
[Round "7.20"]
[White "Krassnitzer, Maria"]
[Black "Anker, Christin"]
[Result "0-1"]
[ECO "C44"]
[WhiteElo "1654"]
[BlackElo "1843"]
[Annotator "NA"]
[PlyCount "66"]
[EventDate "2021.11.06"]
[EventType "team-tourn"]
[EventCountry "AUT"]
[SourceTitle "playchess.com"]
[Source "ChessBase"]
[SourceQuality "1"]
[TimeControl "40/5400+30:1800+30"]

1. e4 e5 2. Nf3 Nc6 3. c3 d5 4. d3 Nf6 5. exd5 Qxd5 6. Be2 Bf5 7. d4 exd4 8. Nxd4 Nxd4 9. Qxd4 Qxg2 10. Qe5+ Be6 11. Rf1 O-O-O 12. Be3 Bd6 13. Qa5 a6 14. Nd2 Qxh2 15. O-O-O Qe5 16. Qa4 Bd5 17. Nc4 Qe8 18. Nxd6+ Rxd6 19. Qa5 Qc6 20. Rg1 g6 21. Bd4 Re8 22. Rge1 Ne4 23. Qb4 f5 24. f4 Bg8 25. a3 Rdd8 26. Qa5 Rd5 27. Qb4 a5 28. Qc4 Qxc4 29. Bxc4 Rdd8 30. Bxg8 Rxg8 31. Rh1 c5 32. Be5 Rxd1+ 33. Rxd1 Rd8 0-1

[Event "AUT Bundesliga Women 2021-22"]
[Site "Austria"]
[Date "2022.04.22"]
[Round "8.2"]
[White "Kejzar, Petra"]
[Black "Batyte, Daiva"]
[Result "1-0"]
[ECO "A06"]
[WhiteElo "2031"]
[BlackElo "2122"]
[Annotator "TA"]
[PlyCount "101"]
[EventDate "2021.11.06"]
[EventType "team-tourn"]
[EventCountry "AUT"]
[SourceTitle "playchess.com"]
[Source "ChessBase"]
[SourceQuality "1"]
[TimeControl "40/5400+30:1800+30"]

1. c4 e6 2. Nf3 d5 3. b3 Nf6 4. Bb2 c5 5. e3 Nc6 6. d4 cxd4 7. exd4 Bb4+ {[%emt 0:02:36] A13: English Opening: 1...e6.} 8. Nbd2 $1 Ne4 {[%emt 0:04:05] [#] Strongly threatening ...Qf6.} 9. a3 Be7 {[%emt 0:00:34] [#]} (9... Nxd2 $11 10. Nxd2 Be7) 10. Nxe4 $146 (10. Bd3 $14) ({Predecessor:} 10. Bd3 f5 11. O-O a5 12. Rc1 O-O 13. Ne5 Nxe5 14. dxe5 Nxd2 15. Qxd2 b6 16. Rfd1 dxc4 17. Rxc4 {½-½ (44) Galliamova,A (2440)-Tregubov,P (2525) Novgorod 1997}) 10... dxe4 $11 11. Ne5 O-O 12. Nxc6 bxc6 13. Qc2 Rb8 (13... e5 $5 14. dxe5 (14. Qxe4 exd4 15. O-O-O Bf6 $11) 14... Bf5 $11) 14. c5 Bf6 15. Rd1 Qc7 (15... Ba6 $5) 16. Bc4 (16. Qc3 $14) 16... e5 (16... Ba6 $1 $11) 17. Qxe4 (17. d5 $14) 17... exd4 (17... Qa5+ $1 $11 {keeps the balance.} 18. Kf1 exd4) 18. O-O $16 {[%emt 0:01:27] White is more active.} ({Much less strong is} 18. Bxd4 Bxd4 19. Rxd4 (19. Qxd4 Re8+ 20. Kf1 Bf5 $15) 19... Ba6 $14) 18... g6 19. Rxd4 Bf5 20. Qe3 Rfe8 21. Qh6 (21. Qd2 $16) 21... Qe7 $11 22. g4 (22. Qd2 $11) 22... Bg7 $2 {[%emt 0:03:56][%mdl 8192] [#] Black cannot hold the game after this.} 23. Qxg7+ $1 $18 Kxg7 24. Rd7+ f6 25. Rxe7+ Rxe7 26. gxf5 Rd8 27. fxg6 {[%emt 0:01:23] White is clearly winning.} hxg6 28. Kg2 Rd2 29. Bc1 Rc2 30. Bf4 a5 31. a4 g5 32. Bd6 Re4 33. Bd3 Rg4+ 34. Kf3 Rc3 35. Kxg4 {[%emt 0:01:05] Be4 would kill now.} Rxd3 {[%emt 0:00:08][%mdl 4096] Endgame KRB-KR} 36. Kf5 {[%emt 0:01:03] Threatens to win with Ke6.} Kf7 37. f4 gxf4 38. Rxf4 Rxb3 39. h4 {[%emt 0:00:45] aiming for Re4.} Rg3 40. Bc7 Rd3 41. Bb6 Rd5+ 42. Kg4 Ke6 43. Re4+ Kf7 44. Rc4 Ke6 45. Bxa5 f5+ 46. Kf4 Rd1 47. Bb6 Rf1+ 48. Ke3 Ra1 49. a5 Ke5 50. Kd3 f4 51. h5 {[%emt 0:00:55] Weighted Error Value: White=0.25 (precise) /Black=0.68} 1-0

[Event "AUT Bundesliga Women 2021-22"]
[Site "Austria"]
[Date "2022.04.22"]
[Round "8.3"]
[White "Mar, Karmen"]
[Black "Hiebler, Laura"]
[Result "1-0"]
[ECO "C07"]
[WhiteElo "2003"]
[BlackElo "2011"]
[Annotator "TA"]
[PlyCount "77"]
[EventDate "2021.11.06"]
[EventType "team-tourn"]
[EventCountry "AUT"]
[SourceTitle "playchess.com"]
[Source "ChessBase"]
[SourceQuality "1"]
[TimeControl "40/5400+30:1800+30"]

1. e4 {[%emt 0:00:08] Negi,P} e6 2. d4 d5 3. Nd2 c5 4. exd5 Qd7 5. d6 Qxd6 6. Ngf3 Qd5 7. Bd3 cxd4 8. Bc4 Qd6 9. O-O Nf6 10. Nb3 Nc6 11. Nbxd4 Nxd4 12. Nxd4 a6 {[%emt 0:00:16] 12...a6 has become a bit dusty these days.} 13. Re1 Qc7 14. Qe2 Bc5 {[%emt 0:01:28] C07: French Tarrasch: 3...c5, 4 Ngf3 and 4 exd5 Qxd5.} 15. c3 b5 16. Bb3 O-O {[%emt 0:01:49] The position is equal.} 17. Bg5 {[%emt 0:07:51] And now Bxf6 would win.} Bb7 18. Bxf6 gxf6 {[%emt 0:00:06][%cal Bg7f6,Bf6f5][%mdl 32] [#]} 19. Bc2 $146 (19. Qh5 $142 Kh8 20. Qh6) ({Predecessor:} 19. Qh5 Bxd4 20. cxd4 Qf4 21. Re3 Be4 22. g3 Qf5 23. Qxf5 Bxf5 24. g4 Bg6 25. f4 f5 26. g5 Kg7 27. Rd1 {½-½ (54) Karjakin,S (2772)-Radjabov,T (2713) Shamkir 2014 CBM 160 [Negi,P]}) 19... f5 $11 20. Rad1 Bd6 $2 (20... Kh8 $15 {keeps the upper hand.}) 21. Qh5 $18 Rad8 $2 {[%emt 0:21:04] [#]} (21... Rfe8) 22. Rd3 $2 (22. Bxf5 $1 f6 23. Nxe6) 22... Bf4 {[%emt 0:03:52] [#]} 23. Rh3 $2 $40 {[%emt 0:01:49][%mdl 128] White is up to no good.} ({Don't play} 23. g3 $6 Be5 $16) (23. Rg3+ $1 $18 Bxg3 (23... Kh8 24. Qh4) 24. Qg5+ Kh8 25. Qf6+ Kg8 26. Qg5+ Kh8 27. Qf6+ Kg8 28. Qg5+) 23... h6 $11 {[%emt 0:00:37][%cal Od8d4] Strongly threatening ...Rxd4!} 24. Bxf5 {[%emt 0:09:48] [#]} exf5 (24... Rxd4 $1 $17 25. Bxe6 {[#]} (25. cxd4 exf5 26. Rd3 Be4 $17) 25... fxe6 $1 26. Qg6+ Qg7 27. Qxg7+ Kxg7 28. cxd4 Rc8) 25. Nxf5 $15 Rfe8 (25... Qb6 $2 26. Qg4+ Qg6 27. Ne7+ Kh8 28. Nxg6+ $18) (25... Rd6 $5) 26. Qg4+ Bg5 27. Nxh6+ Kf8 28. Rf1 {[%emt 0:00:56] Really sharp!} Qf4 (28... Bxh6 $11 29. Rxh6 Qc4 30. Rh8+ Ke7 31. Qxc4 (31. Re1+ Kd6 $11) 31... bxc4 32. Re1+ Kd7 33. Rhxe8 Rxe8 34. Rxe8 Kxe8) 29. Nf5 $18 Qe5 {[%emt 0:12:13] Prevents Rh8+.} 30. Qxg5 {[%emt 0:00:27] Threatening mate with Qh6+.} Rd6 {[%emt 0:01:12] Inhibits Qh6+.} 31. Qh5 {[%emt 0:00:45] Qh8+ would kill now.} Rg6 32. Qh8+ Qxh8 33. Rxh8+ Rg8 34. Rxg8+ Kxg8 35. Nd6 {[%emt 0:00:09] White is clearly winning.} Re7 36. Nxb7 Rxb7 37. Rd1 Re7 38. Kf1 {[%emt 0:00:07] Inhibits Re2.} Re6 39. f4 {[%emt 0:00:48] Weighted Error Value: White=0.76/Black=0.50} 1-0

[Event "AUT Bundesliga Women 2021-22"]
[Site "Austria"]
[Date "2022.04.22"]
[Round "8.4"]
[White "Krassnitzer, Maria"]
[Black "Gritsch, Borbala"]
[Result "1/2-1/2"]
[ECO "B24"]
[WhiteElo "1641"]
[BlackElo "1485"]
[Annotator "NA RC COMBH"]
[PlyCount "68"]
[EventDate "2021.11.06"]
[EventType "team-tourn"]
[EventCountry "AUT"]
[SourceTitle "playchess.com"]
[Source "ChessBase"]
[SourceQuality "1"]
[TimeControl "40/5400+30:1800+30"]

1. e4 c5 2. Nc3 Nc6 3. Nf3 d6 4. Be2 Nf6 5. d3 g6 6. O-O Bg7 7. Rb1 O-O 8. a3 Rb8 9. b4 Nd7 10. Bd2 b6 11. Qc1 Nd4 12. Nxd4 Bxd4 13. Nb5 Ba6 14. Nxd4 cxd4 15. Qb2 e5 16. f4 Rc8 17. c3 dxc3 18. Bxc3 f6 19. fxe5 dxe5 20. Qb3+ Kg7 21. Bd2 Nb8 22. b5 Qd4+ 23. Kh1 Bb7 24. Bb4 Rf7 25. Qe6 Qd7 26. Bg4 Re8 27. Qxd7 Nxd7 28. Rbc1 h5 29. Be2 Rd8 30. a4 Nf8 31. Rc4 Ne6 32. Rfc1 Rfd7 33. g3 Rd4 34. a5 bxa5 1/2-1/2

[Event "AUT Bundesliga Women 2021-22"]
[Site "Austria"]
[Date "2022.04.22"]
[Round "8.5"]
[White "Novkovic, Julia"]
[Black "Stangl, Anita"]
[Result "1-0"]
[ECO "C05"]
[WhiteElo "2055"]
[BlackElo "2049"]
[Annotator "TA"]
[PlyCount "125"]
[EventDate "2021.11.06"]
[EventType "team-tourn"]
[EventCountry "AUT"]
[SourceTitle "playchess.com"]
[Source "ChessBase"]
[SourceQuality "1"]
[TimeControl "40/5400+30:1800+30"]

1. e4 e6 2. d4 d5 3. Nd2 Nf6 4. e5 Nfd7 5. Bd3 c5 6. c3 Nc6 7. Ne2 Qb6 8. Nf3 cxd4 9. cxd4 f6 10. exf6 Nxf6 11. O-O Bd6 12. Bf4 Bxf4 13. Nxf4 O-O 14. Re1 {[%emt 0:08:02] White is more active.} Ne4 {[%emt 0:03:29] C06: French Tarrasch: 3...Nf6 4 e5 Nfd7 5 Bd3 main lines.} 15. g3 g5 $2 (15... Nf6 $16 {is a better defense.}) 16. Bxe4 $18 {[%emt 0:01:26] [#]} dxe4 $146 {[%emt 0:19:20] White has a decisive advantage.} ({Predecessor:} 16... gxf4 17. Bc2 fxg3 18. hxg3 e5 19. dxe5 Bg4 20. Re3 d4 21. Rb3 Qc7 22. Be4 Nxe5 23. Rxb7 Nxf3+ 24. Bxf3 Qxb7 25. Bxb7 Bxd1 26. Bxa8 {½-½ (54) Von Bahr,O (2378)-Thorarinsson,P (2270) Split 2016}) 17. Nxg5 Qxd4 18. Qh5 {[%emt 0:04:48][%csl Gg5][%cal Rh5h7] [#]} Qh8 19. Nfxe6 Bxe6 20. Nxe6 Qf6 21. Qg5+ (21. Nxf8 $142 Rxf8 22. Rxe4 Qxf2+ 23. Kh1) 21... Kh8 22. Qxf6+ Rxf6 23. Rxe4 a5 24. Rd1 Re8 25. Nc5 Rxe4 26. Nxe4 {[%emt 0:00:08][%mdl 4096] Endgame KRN-KRN} Re6 27. f3 Ne5 28. Kf2 Rb6 29. b3 a4 30. Rd5 axb3 31. axb3 ({Wrong is} 31. Rxe5 $2 bxa2 32. Ra5 Ra6 33. Rxa2 (33. Rxa6 $2 bxa6 34. Nc3 a1=Q $19) 33... Rxa2+ 34. Ke3 Rxh2 $19) 31... Nc6 32. Nd2 Kg7 33. f4 Rb4 34. Ke3 {[%emt 0:01:27] Prevents Nd4.} Kf6 35. Ne4+ Ke6 36. Rd6+ Ke7 37. Rd3 Na5 38. Nd2 Rb5 39. g4 h5 40. h3 Ke6 $2 {[%emt 0:04:14] [#]} (40... Nc6 {was called for.} 41. Rc3 Nb4 42. Rc7+ Kd6) 41. Kf3 Nc6 42. Kg3 Rb4 43. Nc4 Ke7 44. Kh4 Rb5 (44... hxg4 $142 45. hxg4 b5) 45. Re3+ Kf8 46. f5 Nd4 (46... hxg4 $142 47. hxg4 Nd4) 47. Kxh5 Rxb3 48. Rxb3 Nxb3 {[%emt 0:00:00] KN-KN} 49. Nb6 {[%emt 0:00:00] White mates.} Nd4 50. Kg5 Kf7 51. Kf4 Kg7 52. g5 Ne2+ 53. Kg4 Nd4 54. h4 Nc2 55. h5 Nd4 56. Kf4 Nc6 57. Ke4 Kf7 58. h6 Nd8 59. g6+ Kg8 60. Ke5 Nc6+ 61. Kf6 Nd4 62. Nd5 Nc6 63. Ne7+ {[%emt 0:00:15] Black did not feel at home in the position after the opening.  Weighted Error Value: White=0.45/Black=0.72} 1-0

[Event "AUT Bundesliga Women 2021-22"]
[Site "Austria"]
[Date "2022.04.22"]
[Round "8.6"]
[White "Wunderl, Eva"]
[Black "Motycakova, Monika"]
[Result "1/2-1/2"]
[ECO "C54"]
[WhiteElo "1916"]
[BlackElo "2105"]
[Annotator "TA"]
[PlyCount "64"]
[EventDate "2021.11.06"]
[EventType "team-tourn"]
[EventCountry "AUT"]
[SourceTitle "playchess.com"]
[Source "ChessBase"]
[SourceQuality "1"]
[TimeControl "40/5400+30:1800+30"]

1. e4 e5 2. Nf3 Nc6 3. Bc4 Bc5 4. c3 Nf6 5. d3 d6 6. Bb3 O-O 7. Bg5 {[%emt 0:09:22][%cal Bc1g5,Bg5h4,Bh4g3][%mdl 32] C54: Giuoco Piano: 4 c3 Nf6, main lines with 5 d4 and 5 d3.} h6 8. Bh4 a6 9. Nbd2 {[%emt 0:00:38] The position is equal.} Be6 (9... g5 $5 10. Bg3 b5 $11) 10. O-O {[%emt 0:04:29] [#]} g5 $146 ({Predecessor:} 10... Kh8 11. Nc4 g5 12. Bg3 Ba7 13. Re1 b5 14. Ne3 Ne7 15. Bc2 Ne8 16. d4 f6 {1-0 (63) Dutina,D (2197)-Kovac,P (2026) Bosnjaci 2022}) 11. Bg3 Kg7 12. Nc4 b5 13. Ne3 Bxe3 14. fxe3 Bxb3 15. axb3 Qd7 16. Qc2 Qe6 17. Rfe1 Qg4 18. Re2 (18. c4 $5 ) 18... Rfe8 19. b4 a5 20. bxa5 Nxa5 21. b4 Nc6 22. Qb1 Reb8 23. Rea2 Qc8 24. Qb3 Qb7 25. Ra3 Rxa3 26. Qxa3 Qb6 27. Bf2 Rb7 28. Qc1 (28. Qa8 $5 Ra7 29. Rxa7 Nxa7 30. Nd2 $11) 28... Ra7 29. Nd2 Qb7 30. Nb3 Qa8 31. Rxa7 Qxa7 32. Qa1 ({White should play} 32. Qb1 $15) 32... Qxa1+ {[%emt 0:02:02] Weighted Error Value: White=0.18 (very precise) /Black=0.09 (flawless)} 1/2-1/2